 Dungeon Crawl Stone Soup version 0.14-a0-181-gf6fe0c6 (webtiles) character file.

458 PolkaDot the Insei (level 6, -1/47 HPs)
             Began as a Demonspawn Monk on Oct 6, 2013.
             Slain by an orc wizard
             ... wielding a +0,+1 orcish dagger
              (2 damage)
             ... on Level 4 of the Dungeon.
             The game lasted 00:09:53 (3146 turns).

PolkaDot the Insei (Demonspawn Monk)                Turns: 3146, Time: 00:09:53

HP  -1/47        AC  2     Str 11      XL: 6   Next: 27%
MP   4/4         EV 13     Int 11      God:
Gold 124         SH  0     Dex 18      Spells:  0 memorised,  5 levels left

Res.Fire  : . . .   See Invis. : .     - Unarmed
Res.Cold  : . . .   Warding    : .   a - +0 robe
Life Prot.: . . .   Conserve   : .   (no shield)
Res.Poison: .       Res.Corr.  : .   (helmet restricted)
Res.Elec. : .       Clarity    : .   (no cloak)
Sust.Abil.: . .     Spirit.Shd : .   (no gloves)
Res.Mut.  : .       Stasis     : .   (no boots)
Res.Rott. : .       Flight     : .   s - cursed amulet of faith
Saprovore : . . .                    (no ring)
                                     (no ring)

@: slightly resistant to hostile enchantments, fairly stealthy
A: antennae 1, claws 1, hooves 1, -10% mp, regeneration 1
a: no special abilities


You were on level 4 of the Dungeon.
You were not hungry.

You visited 1 branch of the dungeon, and saw 4 of its levels.

You collected 124 gold pieces.

Inventory:

Armour
 a - a +0 robe (worn)
Comestibles
 b - 2 bread rations
 k - a chunk of orc flesh
 w - a pear
Scrolls
 c - 2 scrolls of curse weapon {unknown}
 d - 2 scrolls of fog {unknown}
 e - a scroll of identify
 h - a scroll of blinking {unknown}
 i - a scroll of magic mapping {unknown}
 o - 2 scrolls of amnesia {unknown}
 p - a scroll of remove curse {unknown}
 q - 2 scrolls of recharging {unknown}
 u - a scroll of teleportation {unknown}
Jewellery
 s - a cursed amulet of faith (around neck)
Potions
 j - a potion of brilliance
 l - a potion of slowing
 m - a potion of magic


   Skills:
 + Level 5.0 Fighting
 * Level 2.9 Dodging
 - Level 1.7 Stealth
 + Level 5.7 Unarmed Combat


You had 5 spell levels left.
You didn't know any spells.

Dungeon Overview and Level Annotations

Branches:
Dungeon (4/27)
 Temple: D:4-7

Altars:
Fedhas


Innate Abilities, Weirdness & Mutations

You have a pair of small antennae on your head.
You have sharp fingernails.
You have large cloven feet.
Your magical capacity is low (-10% MP).
Your natural rate of healing is unusually fast.


Message History

You don't have any such object.
Drink which item? (? for menu, Esc to quit)
You can't drink that!
Unknown command.
You barely miss it. It hits you. The rat closely misses you.
You hear some strange, mumbled words.
The puff of flame hits you!
* * * LOW HITPOINT WARNING * * *
It hits you.
* * * LOW HITPOINT WARNING * * *
You hit it.
Reactivating autopickup.
You feel a bit more experienced. The rat barely misses you.
It hits you but does no damage.
Deactivating autopickup; reactivate with Ctrl-A.
You barely miss the rat. Your kick misses the rat.
The rat completely misses you. It hits you.
* * * LOW HITPOINT WARNING * * *
The rat closely misses you. It hits you.
You die...

###.......................#
# #.......................#
# #.....................
..## #....................
.... .....................
.... ........)...........
... ................... ...
##.......r........ ...
#.....))@........ ..
.................. .
................
...$............
#...............
.............. ............
.......... ....


You could see a rat.

Vanquished Creatures
  A hungry ghost (D:4)
  An orc wizard (D:4)
  A hound (D:4)
  5 adders
  A giant mite (D:3)
  2 worms
  A giant eyeball (D:3)
  3 giant geckos
  2 oozes
  10 orcs
  A ball python (D:1)
  6 bats
  4 giant cockroaches
  8 goblins
  7 hobgoblins
  2 jackals (D:3)
  A quokka (D:3)
  3 giant newts
  13 kobolds
  10 rats
  A rat skeleton (D:4)
83 creatures vanquished.

Vanquished Creatures (others)
  A fungus (D:3)
1 creature vanquished.

Grand Total: 84 creatures vanquished

Notes
Turn   | Place    | Note
--------------------------------------------------------------
     0 | D:1      | PolkaDot, the Demonspawn Monk, began the quest for the Orb.
     0 | D:1      | Reached XP level 1. HP: 16/16 MP: 0/0
   209 | D:1      | Reached skill level 4 in Unarmed Combat
   221 | D:1      | Gained mutation: You have sharp fingernails. [demonic ancestry]
   221 | D:1      | Reached XP level 2. HP: 15/22 MP: 1/1
  1170 | D:2      | Reached XP level 3. HP: 15/28 MP: 2/2
  1549 | D:3      | Reached skill level 5 in Unarmed Combat
  1604 | D:3      | Gained mutation: You have large cloven feet. [demonic ancestry]
  1604 | D:3      | Reached XP level 4. HP: 30/34 MP: 3/3
  1969 | D:3      | Paralysed by a giant eyeball for 3 turns
  2042 | D:3      | Found a blossoming altar of Fedhas.
  2477 | D:3      | Reached XP level 5. HP: 31/40 MP: 4/4
  2866 | D:4      | Noticed a hungry ghost
  2892 | D:4      | Killed a hungry ghost
  2892 | D:4      | Gained mutation: You have a pair of small antennae on your head. [demonic ancestry]
  2892 | D:4      | Reached XP level 6. HP: 6/47 MP: 5/5
  2905 | D:4      | Gained mutation: Your natural rate of healing is unusually fast. [potion of beneficial mutation]
  2936 | D:4      | Reached skill level 5 in Fighting
  3136 | D:4      | Gained mutation: Your magical capacity is low (-10% MP). [potion of mutation]
  3145 | D:4      | HP: 1/47 [something (5)]
  3146 | D:4      | Slain by an orc wizard

Action                   |  1- 3 |  4- 6 || total
-------------------------+-------+-------++-------
Melee: Unarmed           |   129 |   135 ||   264
  Use: Potion            |       |    12 ||    12
       Scroll            |       |     5 ||     5
 Stab: Sleeping          |     4 |     1 ||     5
